[Event "9. LGA Premium Cup 2012"]
[Site "Nürnberg"]
[Date "2012.09.07"]
[Round "2.7"]
[White "Ikonnikov, Vyacheslav"]
[Black "Maier, Alexander"]
[Result "1/2-1/2"]
[WhiteElo "2525"]
[BlackElo "2303"]
[PlyCount "187"]
[EventDate "2012.??.??"]
[WhiteTeam "SF Bad Mergentheim"]
[BlackTeam "SK Ingolstadt"]
[TimeControl "6000+900"]

1. d4 d5 2. Nf3 Nc6 3. c4 Bg4 4. Nc3 e6 5. cxd5 exd5 6. Bf4 Bxf3 7. gxf3 Nf6 8.
e3 Be7 9. Bg3 O-O 10. Bg2 Na5 11. O-O Nc4 12. Na4 Nd7 13. Rc1 c6 14. b3 Ncb6
15. Nb2 h5 16. h3 a5 17. Nd3 Ba3 18. Rc2 Re8 19. f4 h4 20. Bh2 Nf6 21. f5 Nc8
22. Qf3 Nd6 23. Be5 Nfe4 24. Qg4 Qg5 25. Qxg5 Nxg5 26. f6 Nde4 27. fxg7 f6 28.
Bf4 Ne6 29. Bh2 Bd6 30. Bxe4 dxe4 31. Bxd6 exd3 32. Rd2 Ng5 33. Rxd3 Nxh3+ 34.
Kg2 Ng5 35. Bf8 Re6 36. Rh1 h3+ 37. Kf1 a4 38. b4 Rae8 39. Ke2 Re4 40. d5 cxd5
41. Rxd5 Rh4 42. Bc5 Ne6 43. Kf3 Ng5+ 44. Ke2 Ne6 45. Kd3 Nxc5+ 46. bxc5 Re7
47. Rd8+ Kxg7 48. Rd4 Rh5 49. Rxa4 Rc7 50. Ra7 h2 51. c6 Rxc6 52. Rxb7+ Kg6 53.
Rb2 Ra6 54. f4 Ra3+ 55. Ke4 Rh3 56. Rg2+ Kf7 57. Re2 Ra4+ 58. Kd5 Ra5+ 59. Kc4
Rah5 60. Kd4 Ke6 61. Ke4 f5+ 62. Kd4 Rh8 63. a4 Kd6 64. a5 R3h7 65. a6 Ke6 66.
Kc5 Rc8+ 67. Kb6 Rb8+ 68. Ka5 Rbh8 69. Rd2 Rh3 70. Kb6 Rxe3 71. Rhxh2 Rb3+ 72.
Ka7 Rxh2 73. Rxh2 Rb4 74. Rh6+ Kd5 75. Rb6 Rxf4 76. Kb7 Ra4 77. a7 Rxa7+ 78.
Kxa7 Ke4 79. Re6+ Kd3 80. Rf6 Ke4 81. Kb6 f4 82. Kc5 Ke3 83. Re6+ Kd3 84. Rd6+
Ke3 85. Re6+ Kd3 86. Ra6 f3 87. Ra3+ Ke2 88. Kd4 f2 89. Ra2+ Kf3 90. Ra1 Ke2
91. Ke4 f1=Q 92. Ra2+ Ke1 93. Ra1+ Ke2 94. Rxf1 1/2-1/2

[Event "9. LGA Premium Cup 2012"]
[Site "Nürnberg"]
[Date "2012.09.07"]
[Round "3.1"]
[White "Nyzhnyk, Illya"]
[Black "Lanka, Zigurds"]
[Result "1/2-1/2"]
[WhiteElo "2614"]
[BlackElo "2417"]
[PlyCount "31"]
[EventDate "2012.??.??"]
[WhiteTeam "Schachgemeinschaft Porz e.V."]
[BlackTeam "TSV Schott Mainz"]
[TimeControl "6000+2000"]

1. d4 Nf6 2. c4 c5 3. d5 b5 4. cxb5 a6 5. f3 axb5 6. e4 Qa5+ 7. Bd2 b4 8. Na3
d6 9. Nc4 Qd8 10. a3 e6 11. dxe6 Bxe6 12. axb4 Rxa1 13. Qxa1 d5 14. exd5 Nxd5
15. Qa4+ Nd7 16. Qc6 1/2-1/2

[Event "9. LGA Premium Cup 2012"]
[Site "Nürnberg"]
[Date "2012.09.07"]
[Round "3.2"]
[White "Fedorovsky, Michael"]
[Black "Romanov, Evgeny"]
[Result "0-1"]
[WhiteElo "2401"]
[BlackElo "2590"]
[PlyCount "72"]
[EventDate "2012.??.??"]
[WhiteTeam "SC Tarrasch 45 München"]
[BlackTeam "Sportfreunde Katernberg 1913 e.V"]
[TimeControl "6000+1400"]

1. d4 Nf6 2. c4 e6 3. Nc3 Bb4 4. Qc2 d6 5. Nf3 O-O 6. Bd2 Nbd7 7. a3 Bxc3 8.
Bxc3 b6 9. e3 Bb7 10. Be2 Ne4 11. O-O c5 12. Rfd1 cxd4 13. Bxd4 e5 14. Bc3 f5
15. b4 Rf6 16. Rab1 Qe7 17. Ba1 Rh6 18. c5 bxc5 19. bxc5 Ndxc5 20. Bc4+ Kh8 21.
Bd5 Bxd5 22. Rxd5 Re6 23. h3 h6 24. Rdd1 Rf8 25. Qc4 f4 26. exf4 Rxf4 27. Rb8+
Kh7 28. Qc2 Rg6 29. Qa2 Ne6 30. Rd3 Qc7 31. Qb1 Qc6 32. Qd1 Rf7 33. Nh4 Nxf2
34. Rxd6 Qc5 35. Qb1 Nd3+ 36. Kh2 Qxd6 0-1

[Event "9. LGA Premium Cup 2012"]
[Site "Nürnberg"]
[Date "2012.09.07"]
[Round "3.3"]
[White "Baramidze, David"]
[Black "Zude, Erik"]
[Result "1-0"]
[WhiteElo "2606"]
[BlackElo "2395"]
[PlyCount "65"]
[EventDate "2012.??.??"]
[WhiteTeam "SV Hockenheim"]
[BlackTeam "SV 1920 Hofheim"]
[TimeControl "6000+1005"]

1. d4 Nf6 2. c4 g6 3. Nc3 Bg7 4. e4 d6 5. f3 O-O 6. Be3 a6 7. Bd3 c5 8. Nge2
Nc6 9. d5 Ne5 10. a4 Bd7 11. O-O Rb8 12. Ra2 Ne8 13. b3 e6 14. a5 Nc7 15. Bc2
Qe7 16. Qd2 exd5 17. exd5 f5 18. Bg5 Bf6 19. Bxf6 Qxf6 20. f4 Nf7 21. Rb1 b5
22. axb6 Rxb6 23. Nd1 Re8 24. Nf2 Nd8 25. h3 Nb7 26. Raa1 a5 27. g4 Ra6 28.
gxf5 Bxf5 29. Bxf5 gxf5 30. Kh2 Kh8 31. Ng3 Raa8 32. Nxf5 Rf8 33. Ng4 1-0

[Event "9. LGA Premium Cup 2012"]
[Site "Nürnberg"]
[Date "2012.09.07"]
[Round "3.4"]
[White "Danin, Alexandre"]
[Black "Donchenko, Alexander"]
[Result "1/2-1/2"]
[WhiteElo "2568"]
[BlackElo "2395"]
[PlyCount "141"]
[EventDate "2012.??.??"]
[WhiteTeam "Schachclub Tornado Wuppertal 199"]
[BlackTeam "SK 1858 Gießen"]
[TimeControl "6000+950"]

1. e4 c5 2. Nf3 d6 3. d4 cxd4 4. Nxd4 Nf6 5. Nc3 a6 6. Bc4 e6 7. Bb3 b5 8. O-O
Be7 9. Qf3 Qb6 10. Be3 Qb7 11. Qg3 O-O 12. Bh6 Ne8 13. Rad1 Bf6 14. Bg5 b4 15.
Na4 Bxg5 16. Qxg5 Nf6 17. f3 Bd7 18. Qa5 Bxa4 19. Bxa4 Rc8 20. Rf2 Nbd7 21.
Bxd7 Nxd7 22. a3 bxa3 23. Qxa3 Ne5 24. b3 Qb6 25. Rfd2 h6 26. Kf1 a5 27. Qa4
Rab8 28. Ne2 Qc5 29. Qd4 Kf8 30. Ra1 Ra8 31. Ra4 Ke7 32. Ke1 g5 33. Kd1 Nd7 34.
Rc4 Qxd4 35. Rcxd4 Rc6 36. Nc1 Nb6 37. Na2 Nd7 38. Ra4 Nb6 39. Rad4 Nd7 40. Kc1
h5 41. Kb2 Rb6 42. Nc3 Ne5 43. Na4 Rc6 44. Kb1 Ng6 45. Nb2 g4 46. Ra4 gxf3 47.
gxf3 Ne5 48. f4 Ng6 49. Rf2 Rc5 50. Nd3 Rb5 51. Ka2 Rab8 52. Kb2 f5 53. Re2 Kf6
54. Rc4 fxe4 55. Rcxe4 Re8 56. Rd4 d5 57. Ra4 Ne7 58. Ne5 Rg8 59. Nd3 Nc6 60.
Ra1 Nd4 61. Rf2 h4 62. Ne5 h3 63. Nf3 Nxf3 64. Rxf3 Rg4 65. Ra4 Rh4 66. Ka3 Kf5
67. Rg3 Rxf4 68. Rxh3 Rxa4+ 69. Kxa4 Rc5 70. c4 e5 71. cxd5 1/2-1/2

[Event "9. LGA Premium Cup 2012"]
[Site "Nürnberg"]
[Date "2012.09.07"]
[Round "3.5"]
[White "Hector, Jonny"]
[Black "Breutigam, Martin"]
[Result "1-0"]
[WhiteElo "2537"]
[BlackElo "2374"]
[PlyCount "71"]
[EventDate "2012.??.??"]
[WhiteTeam "Schachklub Turm Emsdetten e.V."]
[BlackTeam "SK Union Oldenburg"]
[TimeControl "6000+1360"]

1. e4 e5 2. Nf3 Nc6 3. Bc4 Nf6 4. Qe2 Be7 5. d4 d5 6. dxe5 Nxe4 7. O-O dxc4 8.
Qxe4 Be6 9. Nc3 O-O 10. Rd1 Qc8 11. Nd5 Bxd5 12. Rxd5 Qe6 13. Bf4 Rad8 14. Rad1
Rxd5 15. Rxd5 Nb4 16. Rd1 b5 17. Nd4 Rd8 18. Rd2 Qg6 19. Qxg6 hxg6 20. Nxb5 Rb8
21. Nc3 Nc6 22. Nd1 Rb5 23. Rd7 Bd8 24. Kf1 Kf8 25. a4 Rb4 26. Bd2 Rxa4 27. Bc3
Ra1 28. Ke2 Ke8 29. e6 fxe6 30. Rxg7 Ne7 31. Ne3 Ra4 32. Ng4 Nd5 33. Rg8+ Ke7
34. Ne5 Ra6 35. Bd4 Nf6 36. Bc5+ 1-0

[Event "9. LGA Premium Cup 2012"]
[Site "Nürnberg"]
[Date "2012.09.07"]
[Round "3.6"]
[White "Grimberg, Boris"]
[Black "Ginsburg, Gennadi"]
[Result "1-0"]
[WhiteElo "2365"]
[BlackElo "2516"]
[PlyCount "69"]
[EventDate "2012.??.??"]
[WhiteTeam "SAbt TSV Haunstetten"]
[BlackTeam "SV 1920 Hofheim"]
[TimeControl "6000+1165"]

1. e4 e5 2. Nc3 Nf6 3. Bc4 Nxe4 4. Qh5 Nd6 5. Bb3 Nc6 6. Nb5 g6 7. Qf3 f6 8.
Qd5 Qe7 9. Nxc7+ Kd8 10. Nxa8 b6 11. Nxb6 axb6 12. Qd3 Bb7 13. Ne2 Nb4 14. Qc3
Nd5 15. Bxd5 Bxd5 16. O-O Ne4 17. Qe3 Qe6 18. d3 Bc5 19. d4 exd4 20. Nxd4 Qe5
21. c3 Re8 22. Qh3 f5 23. Be3 f4 24. Nf3 fxe3 25. Nxe5 exf2+ 26. Kh1 Rxe5 27.
Rad1 Bc6 28. b4 Rh5 29. Qg4 Be7 30. Rxd7+ Bxd7 31. Qxe4 Bd6 32. Rxf2 Rxh2+ 33.
Kg1 Rh5 34. Qa8+ Kc7 35. Rf7 1-0

[Event "9. LGA Premium Cup 2012"]
[Site "Nürnberg"]
[Date "2012.09.07"]
[Round "3.7"]
[White "Mons, Leon"]
[Black "Heimann, Andreas"]
[Result "1/2-1/2"]
[WhiteElo "2338"]
[BlackElo "2490"]
[PlyCount "75"]
[EventDate "2012.??.??"]
[WhiteTeam "SC Forchheim e.V."]
[BlackTeam "OSG Baden-Baden"]
[TimeControl "6000+1700"]

1. Nf3 e6 2. g3 d5 3. Bg2 c5 4. O-O Nc6 5. c4 Nf6 6. e3 Be7 7. b3 O-O 8. Bb2 d4
9. exd4 cxd4 10. Re1 Bc5 11. Ne5 Nxe5 12. Rxe5 Bd6 13. Bxd4 Bxe5 14. Bxe5 Qe7
15. d4 Rd8 16. Nc3 Ne8 17. Qe2 Qb4 18. Qe3 Bd7 19. d5 Rac8 20. Qxa7 f6 21. Bd4
e5 22. Qb6 Qa3 23. Be3 Nd6 24. Bc1 Nxc4 25. Qxd8+ Rxd8 26. Bxa3 Nxa3 27. Ne4
Rc8 28. Nd6 Rc7 29. f4 exf4 30. gxf4 f5 31. Nc4 Nxc4 32. Rc1 b5 33. d6 Rc5 34.
bxc4 Kf8 35. Kf2 bxc4 36. Ke3 Ra5 37. Rxc4 Rxa2 38. Bc6 1/2-1/2

[Event "9. LGA Premium Cup 2012"]
[Site "Nürnberg"]
[Date "2012.09.07"]
[Round "3.8"]
[White "Farago, Ivan"]
[Black "Donchenko, Anatoly"]
[Result "1-0"]
[WhiteElo "2486"]
[BlackElo "2364"]
[PlyCount "101"]
[EventDate "2012.??.??"]
[WhiteTeam "SV Griesheim(DA)"]
[BlackTeam "SK 1858 Gießen"]
[TimeControl "5400+905"]

1. d4 d5 2. c4 dxc4 3. e3 Nf6 4. Bxc4 e6 5. Nf3 c5 6. O-O Qc7 7. Qe2 a6 8. Bb3
Nc6 9. Nc3 Be7 10. dxc5 Bxc5 11. Bd2 O-O 12. Rac1 Bd6 13. e4 Rd8 14. Rfd1 Bd7
15. h3 Be8 16. Be3 Bf4 17. Nd5 exd5 18. exd5 Nxd5 19. Rxd5 Qe7 20. Re1 Bxe3 21.
Qxe3 Qxe3 22. Rxe3 Rxd5 23. Bxd5 Rd8 24. Ng5 Nb4 25. Bxb7 h6 26. Ne4 Nxa2 27.
Bxa6 Bc6 28. Bc4 Nb4 29. Nc3 Kf8 30. f3 g5 31. Kf2 Rd2+ 32. Re2 Nd3+ 33. Bxd3
Rxd3 34. Ke1 Rd4 35. Rd2 Rb4 36. Kd1 h5 37. Ne2 g4 38. hxg4 hxg4 39. Nd4 Ba4+
40. Ke2 gxf3+ 41. gxf3 Kg7 42. Kd3 Rb8 43. Kc3 Kf6 44. b4 Ke5 45. Re2+ Kd5 46.
Ra2 Rc8+ 47. Kd3 Rc4 48. Ne2 Bb3 49. Rb2 Rxb4 50. Kc3 Rh4 51. Rxb3 1-0

[Event "9. LGA Premium Cup 2012"]
[Site "Nürnberg"]
[Date "2012.09.07"]
[Round "4.1"]
[White "Romanov, Evgeny"]
[Black "Grimberg, Boris"]
[Result "1-0"]
[WhiteElo "2590"]
[BlackElo "2365"]
[PlyCount "78"]
[EventDate "2012.??.??"]
[WhiteTeam "Sportfreunde Katernberg 1913 e.V"]
[BlackTeam "SAbt TSV Haunstetten"]
[TimeControl "6000+915"]

1. e4 c5 2. b3 Nc6 3. Bb2 d6 4. f4 Nf6 5. Nc3 a6 6. Qf3 Nb4 7. Qd1 e5 8. fxe5
dxe5 9. Nf3 Nc6 10. Bc4 Bd6 11. Qe2 Nd4 12. Qd3 O-O 13. O-O b5 14. Bd5 Nxd5 15.
Nxd5 Be6 16. c4 Bxd5 17. exd5 Rb8 18. Bxd4 exd4 19. Rae1 h6 20. Re4 Qd7 21.
Rfe1 Rfe8 22. Rxe8+ Rxe8 23. Rxe8+ Qxe8 24. Qf5 b4 25. Kf2 Qd8 26. h3 g6 27.
Qe4 Kg7 28. g4 Qf6 29. h4 g5 30. h5 Bf4 31. Ke2 Bd6 32. Ne1 Qd8 33. Nd3 a5 34.
Qf5 Qe8+ 35. Kd1 a4 36. Nf2 axb3 37. axb3 Qe7 38. Ne4 Bf4 39. Ke2 Bd6 1-0

[Event "9. LGA Premium Cup 2012"]
[Site "Nürnberg"]
[Date "2012.09.07"]
[Round "4.2"]
[White "Graf, Felix"]
[Black "Baramidze, David"]
[Result "1/2-1/2"]
[WhiteElo "2449"]
[BlackElo "2606"]
[PlyCount "114"]
[EventDate "2012.??.??"]
[WhiteTeam "FC Bayern München e.V."]
[BlackTeam "SV Hockenheim"]
[TimeControl "6000+1645"]

1. d4 Nf6 2. c4 e6 3. Nf3 d5 4. Nc3 Be7 5. Bg5 h6 6. Bxf6 Bxf6 7. e3 c6 8. cxd5
cxd5 9. Be2 Nc6 10. O-O O-O 11. Rc1 Be7 12. Na4 Bd6 13. Nc5 Ne7 14. Rc3 b6 15.
Na6 Bd7 16. Qb3 Rc8 17. Rfc1 Rxc3 18. Rxc3 f6 19. Bb5 Qe8 20. a4 Bxb5 21. Qxb5
Qxb5 22. axb5 Kf7 23. Ne1 Ke8 24. Nc2 Kd7 25. Nab4 Bxb4 26. Nxb4 Rc8 27. Rxc8
Nxc8 28. Na2 Nd6 29. Nc3 Nc4 30. Nd1 Nd6 31. Nc3 Nc4 32. Nd1 h5 33. Kf1 Nd6 34.
Nc3 Nc4 35. Nd1 e5 36. Ke2 exd4 37. exd4 Ke6 38. Kd3 g5 39. f3 f5 40. g3 g4 41.
f4 Nd6 42. Nc3 Nc4 43. Nd1 Nd6 44. Nc3 Ne8 45. Ke3 Nc7 46. Kd3 Kf7 47. Ke3 Kf6
48. Ke2 Ke7 49. Kd3 Kd7 50. Kc2 Kd6 51. Kd3 Ne6 52. Nd1 Nf8 53. Ne3 Ke6 54. Ke2
Ng6 55. Ng2 Nh8 56. Ne3 Nf7 57. Nd1 Nd6 1/2-1/2

[Event "9. LGA Premium Cup 2012"]
[Site "Nürnberg"]
[Date "2012.09.07"]
[Round "4.3"]
[White "Renner, Christoph"]
[Black "Hector, Jonny"]
[Result "1-0"]
[WhiteElo "2452"]
[BlackElo "2537"]
[PlyCount "79"]
[EventDate "2012.??.??"]
[WhiteTeam "FC Bayern München e.V."]
[BlackTeam "Schachklub Turm Emsdetten e.V."]
[TimeControl "6000+1705"]

1. Nf3 d5 2. g3 Nc6 3. d4 Bg4 4. Bg2 e6 5. O-O Be7 6. c4 Bf6 7. e3 Nge7 8. Nbd2
h6 9. h3 Bf5 10. Re1 O-O 11. a3 Bh7 12. b4 e5 13. cxd5 Nxd5 14. e4 Nc3 15. Qb3
exd4 16. e5 Be7 17. Bb2 a6 18. Nxd4 Nxd4 19. Qxc3 Nc2 20. Bxb7 Rb8 21. Bxa6 c5
22. b5 Qd5 23. Nc4 Qe6 24. Kh2 Bf5 25. Ne3 Nxa1 26. Bxa1 Bxh3 27. a4 Bf5 28. a5
Be4 29. b6 Qg6 30. Ng2 Rfd8 31. Nf4 Qh7 32. Bf1 g5 33. Nh5 Qf5 34. Kg1 Bf3 35.
e6 Rd4 36. exf7+ Kxf7 37. Nf4 Bd5 38. Rxe7+ Kxe7 39. Qxc5+ Ke8 40. Bb5+ 1-0

[Event "9. LGA Premium Cup 2012"]
[Site "Nürnberg"]
[Date "2012.09.07"]
[Round "4.4"]
[White "Wagner, Dennis"]
[Black "Farago, Ivan"]
[Result "1-0"]
[WhiteElo "2445"]
[BlackElo "2486"]
[PlyCount "77"]
[EventDate "2012.??.??"]
[WhiteTeam "SV Hockenheim"]
[BlackTeam "SV Griesheim(DA)"]
[TimeControl "6000+1440"]

1. d4 Nf6 2. c4 e6 3. g3 d5 4. Nf3 dxc4 5. Bg2 Nc6 6. Qa4 Bb4+ 7. Bd2 Bd6 8.
Na3 Ne4 9. Nxc4 Nxd2 10. Nfxd2 Bd7 11. e3 O-O 12. Qb3 Rb8 13. O-O b5 14. Nxd6
cxd6 15. d5 Ne5 16. Qb4 Qb6 17. dxe6 Bxe6 18. Ne4 d5 19. Ng5 h6 20. Nf3 a5 21.
Qc3 Nc6 22. a3 Rbc8 23. Rac1 Rfd8 24. Qc5 Qa6 25. Nd4 Nxd4 26. Qxd4 Rc4 27.
Rxc4 bxc4 28. e4 Bg4 29. exd5 Be2 30. Re1 Bd3 31. Re7 a4 32. Qe5 Qb5 33. h4 Rb8
34. h5 Rf8 35. Bh3 Qc5 36. Rc7 Qb6 37. Be6 Qb8 38. d6 c3 39. Qxc3 1-0

[Event "9. LGA Premium Cup 2012"]
[Site "Nürnberg"]
[Date "2012.09.07"]
[Round "4.5"]
[White "Mainka, Romuald"]
[Black "Nyzhnyk, Illya"]
[Result "0-1"]
[WhiteElo "2457"]
[BlackElo "2614"]
[PlyCount "64"]
[EventDate "2012.??.??"]
[WhiteTeam "Schachclub Hansa Dortmund e.V."]
[BlackTeam "Schachgemeinschaft Porz e.V."]
[TimeControl "6000+2355"]

1. e4 c5 2. Nf3 d6 3. Bb5+ Nd7 4. c3 Ngf6 5. Qe2 a6 6. Ba4 b5 7. Bc2 Bb7 8. O-O
c4 9. b3 Qc7 10. bxc4 bxc4 11. Na3 d5 12. e5 Ne4 13. Rb1 Nec5 14. Re1 e6 15.
Nd4 Be7 16. d3 cxd3 17. Bxd3 Nxe5 18. Bc2 Ng6 19. c4 O-O 20. cxd5 Bxd5 21. Nf3
Rab8 22. Rxb8 Rxb8 23. Nc4 Nf4 24. Bxf4 Qxf4 25. Nfe5 g6 26. g3 Qd4 27. Rd1 Qc3
28. h4 Bf6 29. h5 Bg7 30. hxg6 hxg6 31. Bb3 Nxb3 32. axb3 Rxb3 0-1

[Event "9. LGA Premium Cup 2012"]
[Site "Nürnberg"]
[Date "2012.09.07"]
[Round "4.6"]
[White "Epishin, Vladimir"]
[Black "Heinz, Axel"]
[Result "1-0"]
[WhiteElo "2579"]
[BlackElo "2456"]
[PlyCount "157"]
[EventDate "2012.??.??"]
[WhiteTeam "Lübecker SV von 1873"]
[BlackTeam "TSV Bindlach Aktionär-Schachabte"]
[TimeControl "6000+1060"]

1. d4 Nf6 2. c4 e6 3. Nc3 Bb4 4. Bg5 c5 5. d5 Bxc3+ 6. bxc3 d6 7. f3 h6 8. Bh4
e5 9. e4 Nbd7 10. Bd3 Qe7 11. Ne2 Kd8 12. Qd2 Kc7 13. Bf2 Nf8 14. h4 h5 15.
O-O-O Bd7 16. Bc2 b6 17. Kb1 N8h7 18. Ng3 g6 19. Rde1 Rhb8 20. Ka1 a6 21. Nf1
Rb7 22. Rb1 Rab8 23. Ne3 Nf8 24. Qc1 Qd8 25. Qa3 Ra8 26. Rb3 Be8 27. Rhb1 N6d7
28. Nd1 Kb8 29. Nb2 Qc7 30. Na4 Ka7 31. Qc1 Rab8 32. Nb2 Ka8 33. Qh6 b5 34. Ra3
Ra7 35. Nd3 Qd8 36. cxb5 Rxb5 37. Nb2 Qe7 38. Bd3 Rb6 39. Nc4 Rxb1+ 40. Kxb1
Rb7+ 41. Rb3 Rxb3+ 42. axb3 Nb8 43. Na5 Bb5 44. c4 Be8 45. Qg7 Nfd7 46. Kb2 Qf8
47. Qxf8 Nxf8 48. b4 Nbd7 49. Ka3 Ka7 50. g4 Kb6 51. g5 f6 52. gxf6 Nh7 53. Nb3
Nhxf6 54. Bf1 Nh7 55. Bh3 Nhf8 56. Be3 Bf7 57. Kb2 Bg8 58. Kc3 Bf7 59. f4 exf4
60. Bxf4 cxb4+ 61. Kxb4 Kc7 62. c5 Ne5 63. Kc3 g5 64. Bxg5 Nfg6 65. cxd6+ Kxd6
66. Nd4 Bxd5 67. Nf5+ Kc6 68. exd5+ Kxd5 69. Bg2+ Ke6 70. Ng7+ Kf7 71. Nxh5 Ne7
72. Be4 N7g6 73. Bd5+ Kf8 74. Ng3 Nf7 75. Bf6 Nf4 76. Bb3 a5 77. Kd4 Ng6 78.
Nf5 Nf4 79. Be7+ 1-0

[Event "9. LGA Premium Cup 2012"]
[Site "Nürnberg"]
[Date "2012.09.07"]
[Round "4.7"]
[White "Lanka, Zigurds"]
[Black "Danin, Alexandre"]
[Result "0-1"]
[WhiteElo "2417"]
[BlackElo "2568"]
[PlyCount "146"]
[EventDate "2012.??.??"]
[WhiteTeam "TSV Schott Mainz"]
[BlackTeam "Schachclub Tornado Wuppertal 199"]
[TimeControl "6000+1290"]

1. e4 c6 2. d4 d5 3. exd5 cxd5 4. c4 Nf6 5. Nc3 Nc6 6. Bg5 Be6 7. a3 g6 8. Bxf6
exf6 9. c5 Bg7 10. Bb5 O-O 11. Nge2 f5 12. Qa4 Bd7 13. O-O a6 14. Bxc6 bxc6 15.
Kh1 Re8 16. Ng1 Qb8 17. Nxd5 cxd5 18. Qxd7 Bxd4 19. Qxd5 Rd8 20. Qc4 Qxb2 21.
Rac1 Qxa3 22. Nf3 Bf6 23. c6 Rac8 24. Rfe1 Rd6 25. c7 Rd7 26. Qf4 Qd6 27. Qxd6
Rxd6 28. Rc4 Kg7 29. h3 a5 30. g4 fxg4 31. hxg4 h6 32. Rb1 Rd7 33. Rb7 a4 34.
Rxa4 Rdxc7 35. Rxc7 Rxc7 36. Kg2 Rc2 37. Re4 Bd8 38. Nd4 Ra2 39. Kf3 Bb6 40.
Ne2 Rb2 41. Rc4 Ba5 42. Nf4 Rd2 43. Rc6 Bd8 44. Ra6 Bh4 45. Nh3 Rd3+ 46. Kg2
Rd4 47. Kf3 g5 48. Ra5 Rb4 49. Rd5 Ra4 50. Rb5 h5 51. Nxg5 hxg4+ 52. Ke3 f5 53.
Ne6+ Kf6 54. Nc5 Ra3+ 55. Rb3 Bg5+ 56. Ke2 Ra2+ 57. Kf1 Bh4 58. Nd3 Kg5 59. Rb8
Rd2 60. Rd8 Bxf2 61. Rg8+ Kh4 62. Nxf2 Kg3 63. Nxg4 fxg4 64. Ra8 Rd1+ 65. Ke2
Rb1 66. Rg8 Rg1 67. Rg7 Kh2 68. Kf2 g3+ 69. Kf3 Rf1+ 70. Ke2 Rf5 71. Rh7+ Kg1
72. Rg7 g2 73. Re7 Rh5 0-1

[Event "9. LGA Premium Cup 2012"]
[Site "Nürnberg"]
[Date "2012.09.07"]
[Round "4.8"]
[White "Braun, Arik"]
[Black "Zude, Arno"]
[Result "0-1"]
[WhiteElo "2557"]
[BlackElo "2446"]
[PlyCount "190"]
[EventDate "2012.??.??"]
[WhiteTeam "SC Eppingen"]
[BlackTeam "SV 1920 Hofheim"]
[TimeControl "6000+1040"]

1. d4 Nf6 2. c4 e6 3. Nc3 d5 4. cxd5 exd5 5. Bg5 Be7 6. e3 c6 7. Bd3 Nbd7 8.
Nf3 O-O 9. Qc2 Re8 10. h3 Nf8 11. Bf4 Bd6 12. Bxd6 Qxd6 13. O-O-O Be6 14. Kb1
Rac8 15. Rc1 a6 16. g4 N6d7 17. Ng5 g6 18. Na4 f6 19. Nf3 Bf7 20. h4 Kg7 21. h5
g5 22. Nc5 Qc7 23. Bf5 Rcd8 24. Nxd7 Rxd7 25. Bxd7 Qxd7 26. Rhg1 h6 27. Nd2 Bg8
28. Ka1 Bh7 29. Qc3 Ne6 30. Qb4 Qc7 31. Rg3 Nd8 32. Qc5 Nf7 33. a3 Qd7 34. f4
Nd6 35. fxg5 hxg5 36. Rf1 Re6 37. Rgf3 Nf7 38. Qb4 Qc7 39. Nb3 b6 40. Qe1 Bd3
41. Rg1 Be4 42. Rfg3 Nd6 43. Nd2 a5 44. Qf2 Bh7 45. Rf3 Qe7 46. h6+ Kf7 47. Rc1
Qd7 48. Rf1 Qe7 49. Ka2 a4 50. Qh2 Kg8 51. Rc1 Qb7 52. Nf1 Ne4 53. Ng3 b5 54.
Nxe4 Bxe4 55. Rf2 Kh7 56. Rc3 Bg6 57. Rf1 Be4 58. Rfc1 Bf3 59. Ka1 Be4 60. Rf1
Qb6 61. Rf2 Qb7 62. Rc1 Bd3 63. Rd1 Bg6 64. Rdf1 Qe7 65. Rf3 Be4 66. Rh3 b4 67.
Rc1 bxa3 68. Rc5 Qb7 69. Qd2 Qa6 70. Rc1 Re7 71. Rh2 Rb7 72. Qc3 axb2+ 73. Rxb2
Rxb2 74. Qxb2 Kxh6 75. Qf2 Kg7 76. Rf1 f5 77. Rc1 fxg4 78. Rf1 Bf3 79. Rb1 Qd3
80. Qb2 Qxe3 81. Qb4 g3 82. Re1 Be2 83. Qb7+ Kg6 84. Qxc6+ Kh5 85. Rh1+ Kg4 86.
Qd7+ Kf4 87. Qd6+ Kg4 88. Qd7+ Kf4 89. Qd6+ Kf3 90. Qxd5+ Kf2 91. Qf5+ Qf3 92.
Qxf3+ Bxf3 93. Rc1 g2 94. Rc2+ Ke1 95. Rc1+ Bd1 0-1

[Event "9. LGA Premium Cup 2012"]
[Site "Nürnberg"]
[Date "2012.09.08"]
[Round "5.1"]
[White "Renner, Christoph"]
[Black "Romanov, Evgeny"]
[Result "0-1"]
[WhiteElo "2452"]
[BlackElo "2590"]
[PlyCount "57"]
[EventDate "2012.??.??"]
[WhiteTeam "FC Bayern München e.V."]
[BlackTeam "Sportfreunde Katernberg 1913 e.V"]
[TimeControl "5400+1165"]

1. d4 d5 2. Bf4 c5 3. e3 Nc6 4. c3 Nf6 5. Nd2 g6 6. Ngf3 Bg7 7. Bd3 O-O 8. O-O
Nd7 9. Re1 e5 10. dxe5 Ndxe5 11. Bc2 Be6 12. Nxe5 Nxe5 13. Nb3 Nc4 14. Rb1 Qb6
15. e4 d4 16. cxd4 cxd4 17. Bd3 Rac8 18. h4 a5 19. Qe2 h5 20. Rec1 a4 21. Bxc4
Bxc4 22. Rxc4 axb3 23. axb3 Qxb3 24. Rxc8 Rxc8 25. Qd1 Rc2 26. g4 hxg4 27. Qxg4
Rxb2 28. Rxb2 Qxb2 29. Kh2 0-1

[Event "9. LGA Premium Cup 2012"]
[Site "Nürnberg"]
[Date "2012.09.08"]
[Round "5.2"]
[White "Nyzhnyk, Illya"]
[Black "Wagner, Dennis"]
[Result "1/2-1/2"]
[WhiteElo "2614"]
[BlackElo "2445"]
[PlyCount "53"]
[EventDate "2012.??.??"]
[WhiteTeam "Schachgemeinschaft Porz e.V."]
[BlackTeam "SV Hockenheim"]
[TimeControl "6000+1610"]

1. d4 Nf6 2. c4 g6 3. Nf3 Bg7 4. g3 O-O 5. Bg2 d5 6. cxd5 Nxd5 7. O-O Nb6 8.
Nc3 Nc6 9. e3 Re8 10. Re1 Bd7 11. b3 e5 12. Nxe5 Nxe5 13. dxe5 Bxe5 14. Bb2 c6
15. f4 Bg7 16. e4 Nc4 17. bxc4 Qb6+ 18. Kh1 Qxb2 19. Rb1 Qxc3 20. Qxd7 Rab8 21.
e5 Red8 22. Qc7 Bf8 23. Rf1 Rdc8 24. Qd7 Rd8 25. Qc7 Rdc8 26. Qd7 Rd8 27. Qc7
1/2-1/2

[Event "9. LGA Premium Cup 2012"]
[Site "Nürnberg"]
[Date "2012.09.08"]
[Round "5.3"]
[White "Baramidze, David"]
[Black "Gutman, Lev"]
[Result "1-0"]
[WhiteElo "2606"]
[BlackElo "2477"]
[PlyCount "177"]
[EventDate "2012.??.??"]
[WhiteTeam "SV Hockenheim"]
[BlackTeam "SV Lingen"]
[TimeControl "6000+1295"]

1. d4 Nf6 2. c4 g6 3. Nc3 d5 4. cxd5 Nxd5 5. e4 Nxc3 6. bxc3 Bg7 7. Bc4 O-O 8.
Ne2 c5 9. O-O Nc6 10. Be3 Qc7 11. Rc1 b6 12. Qd2 Bb7 13. Bh6 Rad8 14. Bxg7 Kxg7
15. f4 Qd6 16. Rfd1 Na5 17. Bd3 e6 18. Qe3 f5 19. Rb1 fxe4 20. Bxe4 Nc4 21. Qf3
Bxe4 22. Qxe4 Qd5 23. Qd3 e5 24. fxe5 Nxe5 25. Qg3 Nc4 26. Re1 Qd6 27. dxc5
Qxg3 28. hxg3 Rf7 29. Rb4 Na5 30. Nd4 Rc8 31. cxb6 axb6 32. Ne6+ Kg8 33. Rxb6
Re7 34. Rf1 Rce8 35. Nf4 Nc4 36. Rb5 Ra7 37. a4 Nd6 38. Rb4 Re3 39. Rb8+ Kg7
40. Rb6 Nf5 41. g4 Ng3 42. Rf3 Ne2+ 43. Nxe2 Rxe2 44. Rb4 Ra2 45. Rff4 Rd7 46.
g5 h6 47. gxh6+ Kxh6 48. Rh4+ Kg5 49. Rhg4+ Kh5 50. Kh2 Rd1 51. Rg3 Raa1 52.
Re3 Kh6 53. Rc4 Rd5 54. Ree4 Ra2 55. Rh4+ Kg7 56. Rhd4 Rh5+ 57. Kg3 Re5 58.
Rc7+ Kf6 59. Rc6+ Kg7 60. Rg4 Kf7 61. Rgxg6 Rxa4 62. Rcf6+ Ke7 63. Rf3 Ra2 64.
Rg7+ Ke6 65. Rg6+ Ke7 66. Rg7+ Ke6 67. Kh4 Rc2 68. Rg6+ Ke7 69. Rg7+ Ke6 70.
Rg6+ Ke7 71. Rgg3 Rc5 72. Kg4 Ra2 73. Re3+ Kd6 74. Rd3+ Kc6 75. Kh4 Ra8 76.
Rg6+ Kb5 77. g4 Rh8+ 78. Kg3 Rh1 79. Rf6 Rg1+ 80. Kh4 Rc8 81. Rf5+ Kc4 82. Rg3
Rh1+ 83. Kg5 Rg8+ 84. Kf6 Rh6+ 85. Ke5 Rgg6 86. g5 Rh5 87. Rf4+ Kc5 88. Kf5 Rg8
89. Kf6 1-0

[Event "9. LGA Premium Cup 2012"]
[Site "Nürnberg"]
[Date "2012.09.08"]
[Round "5.4"]
[White "Hoffmann, Michael"]
[Black "Epishin, Vladimir"]
[Result "0-1"]
[WhiteElo "2479"]
[BlackElo "2579"]
[PlyCount "126"]
[EventDate "2012.??.??"]
[WhiteTeam "Schachgesellschaft Solingen e.V."]
[BlackTeam "Lübecker SV von 1873"]
[TimeControl "6000+675"]

1. d4 Nf6 2. c4 e6 3. Nc3 Bb4 4. e3 d5 5. Bd3 O-O 6. Nf3 Nbd7 7. O-O c6 8. Bd2
Qe7 9. Qc2 Bd6 10. cxd5 exd5 11. Rfe1 Qd8 12. e4 dxe4 13. Nxe4 Nxe4 14. Bxe4
Nf6 15. Bg5 h6 16. Bh4 Be7 17. Bh7+ Kh8 18. Bf5 Bxf5 19. Qxf5 Nd5 20. Bxe7 Nxe7
21. Qc2 Nd5 22. Re4 Re8 23. Rxe8+ Qxe8 24. Re1 Qd8 25. g3 Kg8 26. a3 Qc7 27.
Re5 Rd8 28. Qe2 Qc8 29. Kg2 Nc7 30. Re7 Rd7 31. Rxd7 Qxd7 32. Qe5 a6 33. h3 f6
34. Qf4 Kf8 35. Qe4 Ne6 36. h4 h5 37. Kf1 Qd5 38. Qe3 Ke7 39. Kg1 Kd7 40. Qc3
Kc8 41. Qe3 g5 42. hxg5 fxg5 43. Nd2 g4 44. Nb3 b6 45. Qd3 Kd8 46. Qe3 a5 47.
a4 Ke7 48. Qd3 Kd6 49. Qe3 Kc7 50. Kh2 Kd6 51. Kg1 Qf3 52. Nd2 Qxe3 53. fxe3
Kd5 54. b3 b5 55. Kf2 Ng5 56. Ke2 Ne4 57. Nf1 bxa4 58. bxa4 c5 59. dxc5 Nxc5
60. Nd2 Nxa4 61. Nb3 Nc3+ 62. Kd3 a4 63. Nd2 Nb5 0-1